 Dungeon Crawl Stone Soup version 0.30.2 (webtiles) character file.

Game seed: 8192885182719731343

218 porpoise the Shooter (level 6, -5/47 HPs)
             Began as a Human Hunter on Mar 7, 2024.
             Slain by Blork the orc
             ... wielding a +2 trident of protection
              (12 damage)
             ... on level 4 of the Dungeon.
             The game lasted 00:04:58 (2293 turns).

porpoise the Shooter (Human Hunter)                 Turns: 2293, Time: 00:05:00

Health: -5/47      AC:  3    Str: 11    XL:     6   Next: 17%
Magic:  6/6        EV: 12    Int: 10    God:
Gold:   214        SH:  0    Dex: 18    Spells: 5/5 levels left

rFire   . . .        a - +0 shortbow
rCold   . . .        (shield currently unavailable)
rNeg    . . .        c - +0 leather armour
rPois   .            (no helmet)
rElec   .            (no cloak)
rCorr   .            (no gloves)
SInv    .            (no boots)
Will    .....        (no amulet)
Stlth   ++           (no ring)
HPRegen 0.27/turn    (no ring)
MPRegen 0.10/turn

%: no passive effects
@: no status effects
A: no striking features
a: no special abilities


You were on level 4 of the Dungeon.
You visited 1 branch of the dungeon, and saw 4 of its levels.

You collected 214 gold pieces.

Inventory:

Hand Weapons
 a - a +0 shortbow (weapon)
Missiles
 e - 6 poisoned darts
 o - 5 boomerangs
Armour
 c - a +0 leather armour (worn)
Jewellery
 h - a ring of wizardry
Scrolls
 b - 2 scrolls of immolation
 f - a scroll of torment
 g - a scroll of fear {unknown}
 k - 2 scrolls of enchant weapon {unknown}
 l - 3 scrolls of teleportation {unknown}
 m - a scroll of identify {unknown}
 p - a scroll of poison {unknown}
 q - 2 scrolls of blinking {unknown}
 v - a scroll of amnesia {unknown}
 w - a scroll of magic mapping {unknown}
Potions
 d - a potion of curing
 i - a potion of heal wounds
 j - a potion of lignification {unknown}
 n - a potion of flight {unknown}
 r - a potion of attraction {unknown}
 s - a potion of ambrosia {unknown}
 t - a potion of might {unknown}
 u - a potion of degeneration {unknown}


   Skills:
 + Level 3.4 Fighting
 * Level 5.6 Ranged Weapons
 - Level 2.0 Dodging
 + Level 3.0 Stealth


You had 5 spell levels left.
You didn't know any spells.
Your spell library was empty.

Dungeon Overview and Level Annotations

Branches:
Dungeon (4/15)
 Temple: D:4-7

Altars:
Sif Muna

Annotations:
D:2 Sigmund
D:4 Blork the orc


Message History

Blork the orc hits you from afar with a +2 trident of protection.
Blork the orc hits you from afar with a +2 trident of protection!
You are too injured to fight recklessly!
You are too injured to fight recklessly!
Unknown command.
You aren't carrying any items that you can evoke.
Fire: a) +0 shortbow
Press: ? - help, Q - select action, (/) - cycle Shift-Dir - straight line, p - Blork the orc You shoot an arrow.
The arrow hits Blork the orc!
Blork the orc is moderately wounded.
Blork the orc hits you from afar with a +2 trident of protection.
* * * LOW HITPOINT WARNING * * *
Blork the orc hits you from afar with a +2 trident of protection!
* * * LOW HITPOINT WARNING * * *
Fire: a) +0 shortbow
Press: ? - help, Q - select action, (/) - cycle Shift-Dir - straight line, f - Blork the orc
Aim: Blork the orc, wielding a +2 trident of protection and wearing a +0 robe (moderately wounded, fast, 68% to hit)
Okay, then.
Unknown command.
Fire: a) +0 shortbow
Press: ? - help, Q - select action, (/) - cycle Shift-Dir - straight line, f - Blork the orc
Aim: Blork the orc, wielding a +2 trident of protection and wearing a +0 robe (moderately wounded, fast, 68% to hit)
Okay, then.
Unknown command.
It was a potion of curing.
You feel better.
Blork the orc hits you from afar with a +2 trident of protection!
* * * LOW HITPOINT WARNING * * *
It was a potion of heal wounds.
You feel much better.
Blork the orc points at you and mumbles some strange words.
The puff of frost hits you!
Blork the orc hits you from afar with a +2 trident of protection!
* * * LOW HITPOINT WARNING * * *
Found a scroll labelled CUOTATEBAR.
Blork the orc closely misses you.
You shoot an arrow. The arrow hits Blork the orc.
Blork the orc is heavily wounded.
Blork the orc grins evilly.
Blork the orc hits you with a +2 trident of protection!
* * * LOW HITPOINT WARNING * * *
Blork the orc hits you with a +2 trident of protection!
You die...

##....#######.......#
.#
######....รท..........#
##.........#####......#
#...........# #......#
#...........# ########
#........(..####8###8#
#...........#.........
#.....................
#.............@o.....?
########.###.#.#8###8#
#........# #.#.# #
#..(....## #.#..
#.......# #.#####
#.......# #.....#
#...[...####..##.#
###.......##...#.#
#######.###...)##


You could see Blork the orc (fast).

Vanquished Creatures
  An orc priest (D:3)
  A hound (D:4)
  Jessica (D:2)
  An iguana (D:4)
  3 adders
  3 worms
  A dart slug (D:4)
  4 orcs (D:3)
  6 ball pythons
  3 bats
  5 endoplasms
  A giant cockroach (D:1)
  8 goblins
  4 hobgoblins
  5 jackals (D:3)
  5 kobolds
  2 quokkas
  A frilled lizard (D:3)
  8 rats
63 creatures vanquished.

Notes
Turn   | Place    | Note
-------+----------+-------------------------------------------
     0 | D:1      | porpoise the Human Hunter began the quest for the Orb.
     0 | D:1      | Reached XP level 1. HP: 16/16 MP: 1/1
   154 | D:1      | Reached XP level 2. HP: 22/22 MP: 2/2
   703 | D:2      | Reached XP level 3. HP: 19/28 MP: 3/3
   848 | D:2      | Noticed Jessica
   851 | D:2      | Killed Jessica
   852 | D:2      | Reached XP level 4. HP: 34/34 MP: 4/4
   859 | D:2      | Found a faded altar of an unknown god.
   986 | D:2      | You fall into a shaft and drop 1 floor!
  1101 | D:2      | Noticed Sigmund
  1261 | D:3      | Reached skill level 5 in Ranged Weapons
  1261 | D:3      | Reached XP level 5. HP: 36/41 MP: 5/5
  2001 | D:4      | Reached XP level 6. HP: 46/47 MP: 6/6
  2055 | D:4      | Found a shimmering blue altar of Sif Muna.
  2281 | D:4      | Noticed Blork the orc
  2289 | D:4      | HP: 2/47 [Blork the orc/+2 trident of protection (11)]
  2293 | D:4      | Slain by Blork the orc

Illustrated notes

Levels and vault maps discovered:
D:1:      ldierk_walled_garden_2, layout_loops_cross, serial_rivers,
          chequers_serial_rivers_small_b, chequers_serial_rivers_room_a,
          chequers_serial_rivers_small_a, chequers_serial_rivers_micro_b,
          chequers_serial_rivers_micro_e, chequers_serial_rivers_micro_c,
          solitary_fountain, minivault_23, minmay_strange_pillars,
          minmay_pentomino_o2
D:2:      layout_basic, hellmonk_ecumenical_altar_prayer_group, uniq_jessica,
          uniq_sigmund
D:3:      layout_basic
D:4:      layout_basic, nicolae_sif_muna_condensation, serial_corexii_hall,
          chequers_hall_statues_corner_a, corexii_hall_statues_t,
          corexii_hall_statues_t, corexii_hall_statues_l, uniq_blork_the_orc

Skill      XL: |  1  2  3  4  5 |
---------------+----------------+-----
Stealth        | 2 3 |  3.0
Fighting       | 3 |  3.4
Ranged Weapons | 5 |  5.6
Dodging        | |  2.0

Action                     |  1- 3 |  4- 6 || total
---------------------------+-------+-------++-------
   Fire: Shortbow          |    53 |   111 ||   164
    Use: Scroll            |       |     1 ||     1
         Potion            |       |     2 ||     2
 Armour: Leather armour    |     3 |     7 ||    10
  Dodge: Dodged            |     7 |    19 ||    26
